[Event "*** Titled Tuesday Blitz"]
[Site "Chess.com"]
[Date "2020.04.28"]
[Round "6"]
[White "EfM13"]
[Black "Gandrade2"]
[Result "0-1"]
[WhiteElo "2250"]
[BlackElo "2022"]
[TimeControl "180+1"]
[EndTime "11:07:28 PDT"]
[Termination "Gandrade2 won by resignation"]

1. e4 c5 2. c3 d5 3. exd5 Qxd5 4. d4 g6 5. Nf3 Bg7 6. Na3 cxd4 7. Nb5 Qd8 8.
Nbxd4 Nf6 9. Bb5+ Bd7 10. Qb3 O-O 11. O-O a6 12. Bxd7 Qxd7 13. Ne5 Qc7 14. Bf4 Qc8 15.
h3 Nbd7 16. Rfe1 Nxe5 17. Bxe5 Re8 18. Rad1 Nd7 19. Bxg7 Kxg7 20. Qd5 Nf6 21. Qe5 Kg8 22. Nf3 Qc4 23. b3 Qb5 24. c4 Qxe5 25. Rxe5 Rac8 26.
Rde1 e6 27. g4 Nd7 28. R5e2 Nc5 29. Rd2 Red8 30. Red1 Rxd2 31. Rxd2 a5 32. Kf1 Kf8 33. Ne5 Ke7 34. g5 Rc7 35. f3 Nd7 36. Ng4 Rc5 37.
h4 Rf5 38. Ke2 f6 39. gxf6+ Nxf6 40. Nxf6 Rxf6 41. Ke3 Rf5 42. Ke4 Rh5 43. Rh2 g5 44. f4 Rxh4 45. Rxh4 gxh4 46. Kf3 Kf6 47. Kg4 e5 48.
fxe5+ Kxe5 49. Kxh4 Kd4 50. Kg5 Kc3 51. Kf6 Kb2 52.
Ke5 Kxa2 53. Kd6 Kxb3 54. c5 a4 0-1

[Event "*** Titled Tuesday Blitz"]
[Site "Chess.com"]
[Date "2020.04.28"]
[Round "6"]
[White "Mr_Sinigami"]
[Black "doctorcristian"]
[Result "1-0"]
[WhiteElo "2549"]
[BlackElo "2336"]
[TimeControl "180+1"]
[EndTime "11:07:29 PDT"]
[Termination "Mr_Sinigami won by checkmate"]

1. Nf3 g6 2. d4 Bg7 3. c4 c5 4.
d5 d6 5. e4 Nd7 6. h3 Ne5 7.
Bd3 Nxd3+ 8. Qxd3 Nf6 9. O-O O-O 10. Nc3 Rb8 11. Re1 Ne8 12. Bf4 a6 13. a4 f6 14.
Rab1 Bd7 15. b4 b6 16. bxc5 bxc5 17. Rxb8 Qxb8 18. Rb1 Qc7 19. Qc2 f5 20. Bd2 Nf6 21. Ng5 fxe4 22. Ne6 Bxe6 23. dxe6 Qc8 24. Nxe4 Qxe6 25.
Ng5 Qd7 26. Rb6 Qc8 27. a5 Bh6 28. Qd3 Bxg5 29. Bxg5 Kg7 30. Qe3 Rf7 31. Bh6+ Kh8 32. Qf3 Qe6 33. Qa8+ Ng8 34. Rb8 Rf5 35. Bd2 h5 36.
Bc3+ Kh7 37. Qxa6 Rg5 38. Qc8 Qe4 39. Qxg8+ Kh6 40. Qg7# 1-0

[Event "*** Titled Tuesday Blitz"]
[Site "Chess.com"]
[Date "2020.04.28"]
[Round "6"]
[White "kosmeg"]
[Black "ChessTraining77"]
[Result "1/2-1/2"]
[WhiteElo "2391"]
[BlackElo "2534"]
[TimeControl "180+1"]
[EndTime "11:07:29 PDT"]
[Termination "Game drawn by repetition"]

1. Nf3 d5 2. g3 c6 3. Bg2 Bf5 4.
c4 e6 5. Qb3 Qb6 6. d3 Nf6 7. Be3 Qxb3 8. axb3 a6 9. Nc3 Nbd7 10. Nh4 Bg4 11. h3 Bh5 12. g4 Bg6 13. cxd5 cxd5 14. Kd2 Bc5 15. Nb5 Bxe3+ 16. Kxe3 Ke7 17.
Nd4 Rhc8 18. Rhc1 Kd6 19. f4 Ne8 20. Kd2 f6 21. f5 exf5 22. Nhxf5+ Ke5 23. e3 Nc5 24. b4 Bxf5 25. Rxc5 Rxc5 26. bxc5 Bd7 27. b4 Nc7 28.
Rc1 Nb5 29. Nb3 Bc6 30. Rf1 g6 31. d4+ Ke6 32. h4 Nc7 33. g5 f5 34. Nc1 h6 35.
Nd3 hxg5 36. hxg5 Rh8 37. Nf4+ Kf7 38. Rh1 Rxh1 39. Bxh1 Kg7 40. Kc3 Kf7 41. Bf3 Ne6 42. Nxe6 Kxe6 43. Kd2 Bb5 44. Ke1 Bd3 45. Kf2 Bb5 46.
Kg3 Bc6 47. Kf4 Bb5 48. Bd1 Bc4 49. Ba4 Bb5 50. Bxb5 axb5 51. Kf3 Ke7 52. Kg3 Kf7 53.
Kf4 Ke6 54. Kf3 Ke7 55. Kg3 Kf7 56. Kf3 Ke7 1/2-1/2

[Event "*** Titled Tuesday Blitz"]
[Site "Chess.com"]
[Date "2020.04.28"]
[Round "6"]
[White "Malysch"]
[Black "Kaponov"]
[Result "1-0"]
[WhiteElo "2403"]
[BlackElo "2119"]
[TimeControl "180+1"]
[EndTime "11:07:29 PDT"]
[Termination "Malysch won on time"]

1. e4 c5 2. Nf3 d6 3. d4 cxd4 4. Nxd4 Nf6 5. Nc3 Nc6 6. Bg5 Bd7 7. Qd2 Rc8 8. O-O-O h6 9. Bh4 g5 10. Bg3 Bg7 11. Nxc6 Bxc6 12. Qe1 Nd7 13. h4 g4 14. Kb1 Qa5 15. Bc4 Ne5 16. Bb3 b5 17. Qe2 h5 18. f4 Nc4 19. e5 Qb4 20. Rhe1 O-O 21.
Bxc4 bxc4 22. a3 Qc5 23. Qe3 Qa5 24. Rd4 d5 25. f5 f6 26. e6 Rb8 27. Kc1 Rb7 28. Bf4 Rfb8 29. Nd1 Qb6 30. Qc3 Qc5 31. Bxb8 Rxb8 32. Ne3 Bh6 33. Kb1 Rd8 34. Red1 Rd6 35. g3 Bf8 36. Ng2 Bh6 37. Nf4 a5 38. Nxh5 Bb7 39. Rxg4+ Kh7 40. Rg6 d4 41. Rxh6+ Kxh6 42. Qd2+ Kh7 43. Qf4 c3 44. Qg4 1-0

[Event "*** Titled Tuesday Blitz"]
[Site "Chess.com"]
[Date "2020.04.28"]
[Round "6"]
[White "Alexander_Donchenko"]
[Black "putra48"]
[Result "1-0"]
[WhiteElo "2864"]
[BlackElo "2612"]
[TimeControl "180+1"]
[EndTime "11:07:30 PDT"]
[Termination "Alexander_Donchenko won by checkmate"]

1. e4 Nf6 2. e5 Nd5 3. d4 d6 4. Nf3 Bg4 5. Be2 e6 6. O-O Be7 7.
c4 Nb6 8. h3 Bh5 9. exd6 cxd6 10. Nc3 O-O 11. Bf4 N8d7 12. b3 a6 13. a4 Nf6 14. a5 Nbd7 15. b4 Re8 16. c5 Rc8 17. Qb3 Bf8 18. Rfe1 e5 19. dxe5 dxe5 20. Be3 e4 21.
Ng5 Bg6 22. h4 h6 23. Nh3 Bf5 24. Nf4 Ne5 25. Rad1 Qc7 26. Ncd5 Nxd5 27. Nxd5 Qc6 28. b5 Qg6 29. h5 Qe6 30. bxa6 bxa6 31. Qb6 Rc6 32.
Qb7 Rec8 33. Rd2 Bg4 34. Nf4 Qf5 35. Bxa6 R8c7 36. Qb5 Bxc5 37. Bxc5 Rxc5 38. Qe8+ Kh7 39. Rd8 Qxf4 40. Qg8# 1-0

[Event "*** Titled Tuesday Blitz"]
[Site "Chess.com"]
[Date "2020.04.28"]
[Round "6"]
[White "nfds"]
[Black "Khayala13"]
[Result "1-0"]
[WhiteElo "2507"]
[BlackElo "2328"]
[TimeControl "180+1"]
[EndTime "11:07:30 PDT"]
[Termination "nfds won by resignation"]

1. d4 Nf6 2. Nf3 e6 3. Rg1 d5 4.
g4 c5 5. e3 Nc6 6. Nbd2 Bd6 7.
Bd3 c4 8. Be2 b5 9. c3 b4 10.
Qc2 Rb8 11. e4 dxe4 12. Nxe4 bxc3 13. bxc3 Nd5 14. Bxc4 Nf4 15. Nxd6+ Qxd6 16. Qe4 Ng6 17. a4 Bb7 18. Ba3 Qc7 19. d5 Nce5 20. Bb5+ Kd8 21. c4 exd5 22. cxd5 Qc3+ 23. Ke2 Nxf3 24. Qxf3 Qe5+ 25. Kd2 Bxd5 26. Qe3 Qxe3+ 27. Kxe3 Kc7 28. Rgc1+ Kb7 29. Rd1 Rbd8 30. Rac1 a6 31. Rxd5 axb5 32. Rxb5+ Ka8 33. Ra5+ Kb7 34. Rb1+ Kc6 35. Rc5+ Kd7 36.
Rb7+ Ke6 37. f4 Rc8 38. f5+ Kf6 39. fxg6 Rhe8+ 40. Kf3 Rxc5 41. Bxc5 hxg6 42. a5 Rc8 43.
Bd4+ Ke6 44. a6 Rc4 45. a7 Ra4 46. Rb8 Ra3+ 47. Be3 1-0

[Event "*** Titled Tuesday Blitz"]
[Site "Chess.com"]
[Date "2020.04.28"]
[Round "6"]
[White "Kavyev_Ruslan"]
[Black "Blitzking642"]
[Result "1-0"]
[WhiteElo "2487"]
[BlackElo "2314"]
[TimeControl "180+1"]
[EndTime "11:07:30 PDT"]
[Termination "Kavyev_Ruslan won on time"]

1. d4 Nf6 2. c4 g6 3. Nc3 d5 4. Bf4 Bg7 5. e3 O-O 6. Rc1 c5 7. dxc5 Qa5 8. cxd5 Rd8 9. Bc4 Qxc5 10. Bb3 Nc6 11.
Nge2 Na5 12. O-O Nxb3 13. Qxb3 Qa5 14. Rfd1 Qa6 15. Nd4 Bd7 16. e4 Rdc8 17. h3 Qc4 18. Be3 Qxb3 19. Nxb3 Be8 20. f3 Nd7 21. Bd4 Bh6 22.
Rc2 Nb6 23. g3 Nc4 24. f4 b5 25. Nxb5 Bxb5 26. Rdc1 Nb6 27. Bc5 Bf8 28. Nd4 Bd7 29. f5 Na4 30. fxg6 hxg6 31. Ba3 Bg7 32. Nc6 Bxc6 33. dxc6 Be5 34. Kg2 Bd6 35. Bxd6 exd6 36. Rd2 Nc5 37. Kf3 Rxc6 38. b4 Rac8 39. bxc5 dxc5 40.
Rc4 Ra6 41. a4 Rb8 42. Rd5 Rb3+ 43. Kf4 Rb4 44. Rdxc5 Rbxa4 45. Rxa4 Rxa4 46. g4 Kg7 47. g5 a5 48. h4 Ra2 49. Rc7 a4 50. e5 Kf8 51. Rc8+ Ke7 52. Rc7+ Ke8 53. Ra7 a3 54. e6 fxe6 55. Ke5 Rh2 56. Kxe6 Kd8 57. Rxa3 Rxh4 58.
Kf6 Ke8 59. Kxg6 Kf8 60. Ra8+ Ke7 61. Kg7 Rg4 62. g6 Rg2 63. Ra3 Rg1 64. Re3+ Kd6 65. Kf7 Rf1+ 66. Kg8 Rg1 67. g7 Rg2 68. Rh3 Rg4 69. Kh8 1-0

[Event "*** Titled Tuesday Blitz"]
[Site "Chess.com"]
[Date "2020.04.28"]
[Round "6"]
[White "IAgrest"]
[Black "Kate1606"]
[Result "1-0"]
[WhiteElo "2264"]
[BlackElo "2020"]
[TimeControl "180+1"]
[EndTime "11:07:30 PDT"]
[Termination "IAgrest won on time"]

1. e4 c5 2. Nf3 g6 3. d4 cxd4 4. Nxd4 Nc6 5. Nc3 Bg7 6. Be3 Nf6 7. Bc4 O-O 8. Bb3 a5 9. a4 Ng4 10. Qxg4 Nxd4 11. Bxd4 Bxd4 12. Qd1 Bxc3+ 13. bxc3 Qc7 14. Qd4 d6 15. O-O Bd7 16. h4 h5 17. Rfe1 Rac8 18.
Re3 Qc5 19. Rd1 Bg4 20. Rd2 Rc7 21. e5 dxe5 22. Rxe5 Qxc3 23. Qxc3 Rxc3 24. Rxe7 b6 25. Rd6 Bf5 26. Rd2 Kg7 27. Rb7 Rc6 28. f3 Kf6 29. Kf2 Be6 30. Bxe6 Kxe6 31. Re2+ Kf6 32. Kg3 Rfc8 33. Ree7 Rf8 34. Re2 Rfc8 35. Ree7 Rf8 36.
Red7 Rxc2 37. Rxb6+ Kg7 38. Rb5 Re8 39. Rbb7 Rf8 40.
Ra7 Kf6 41. Ra6+ Kg7 42. Rxa5 Re8 43. Raa7 Ree2 44. Rxf7+ Kg8 45. Rg7+ Kf8 46. Rgb7 1-0

[Event "*** Titled Tuesday Blitz"]
[Site "Chess.com"]
[Date "2020.04.28"]
[Round "6"]
[White "Rsnr"]
[Black "731291"]
[Result "1-0"]
[WhiteElo "2852"]
[BlackElo "2679"]
[TimeControl "180+1"]
[EndTime "11:07:32 PDT"]
[Termination "Rsnr won by checkmate"]

1. d4 Nf6 2. c4 e6 3. Nf3 b6 4. a3 Bb7 5. Nc3 g6 6. Qc2 Bg7 7. e4 c5 8. d5 exd5 9. exd5 O-O 10.
Be2 d6 11. O-O Bc8 12. Bd3 Bg4 13. Nd2 Na6 14. h3 Bd7 15. Nf3 Nc7 16. Bf4 Nfe8 17. Bg5 f6 18. Bf4 a6 19. a4 Rb8 20. Ne4 Bf5 21. Rae1 b5 22. axb5 axb5 23. b3 Na6 24.
Qd2 Nb4 25. Bb1 bxc4 26. bxc4 Bxe4 27. Rxe4 f5 28. Re2 Qa5 29. Rfe1 Qa6 30. Qc1 Ra8 31. Ng5 Qa4 32. Ne6 Rf7 33. Nxg7 Kxg7 34. Qc3+ Kg8 35. Re7 Na2 36. Bxa2 Rxe7 37. Rxe7 Qxa2 38. Qe3 Ng7 39.
Bh6 Qa1+ 40. Kh2 Nh5 41. Qe6+ Kh8 42. Qf7 Nf6 43. Bg7# 1-0

[Event "*** Titled Tuesday Blitz"]
[Site "Chess.com"]
[Date "2020.04.28"]
[Round "6"]
[White "Stewie_89"]
[Black "TargetA"]
[Result "0-1"]
[WhiteElo "2622"]
[BlackElo "2492"]
[TimeControl "180+1"]
[EndTime "11:07:32 PDT"]
[Termination "TargetA won by resignation"]

1. e4 c5 2. Nf3 d6 3. Bb5+ Nc6 4. Bxc6+ bxc6 5. h3 e5 6. c3 Nf6 7. Qe2 g6 8. O-O Bg7 9. d4 cxd4 10. cxd4 exd4 11. e5 dxe5 12. Qxe5+ Qe7 13. Qxe7+ Kxe7 14. Nxd4 Bb7 15. Re1+ Kd7 16. Nb3 Rae8 17. Rd1+ Kc8 18. Nc3 Ne4 19.
Nxe4 Rxe4 20. Be3 Bxb2 21. Rab1 Ba3 22. Bxa7 Rd8 23. Bb6 Rd5 24. Re1 Rxe1+ 25. Rxe1 Kd7 26. Re2 c5 27. Rd2 c4 28. Rxd5+ Bxd5 29. Nd4 c3 30. Ba5 Bb2 31. Kf1 Bxa2 32. Ke2 Bc4+ 33. Kd1 Bd3 34.
Nc2 Ke6 35. g3 Kd5 36. Ne3+ Ke4 37. Bb6 Kf3 38. Nc2 Bxc2+ 39. Kxc2 h5 40. h4 Ba1 41. Be3 Bb2 42. Bd4 f5 43. Be3 Ba1 44. Kd3 c2 45.
Kxc2 Be5 46. Kd3 f4 47. gxf4 Bxf4 48. Kd4 Bh2 49. Kd5 Bg1 50. Ke6 Bxf2 51. Bg5 Kg4 52. Kf6 Bxh4 53. Bxh4 Kxh4 54. Kxg6 Kg4 0-1

[Event "*** Titled Tuesday Blitz"]
[Site "Chess.com"]
[Date "2020.04.28"]
[Round "6"]
[White "bait_or_mate"]
[Black "r31415"]
[Result "1-0"]
[WhiteElo "2555"]
[BlackElo "2351"]
[TimeControl "180+1"]
[EndTime "11:07:32 PDT"]
[Termination "bait_or_mate won by resignation"]

1. d4 d6 2. c4 f5 3. Nf3 Nf6 4. g3 g6 5. Bg2 Bg7 6. O-O O-O 7.
Nc3 c6 8. Re1 Na6 9. e4 fxe4 10.
Nxe4 Nxe4 11. Rxe4 Bf5 12. Re1 e5 13. dxe5 dxe5 14.
Qxd8 Raxd8 15. Bg5 e4 16. Nh4 Rd7 17. Bxe4 Bxe4 18. Rxe4 Bxb2 19. Rb1 Nc5 20. Re7 Bd4 21. Rxd7 Bxf2+ 22. Kg2 Nxd7 23. Rxb7 Nc5 24. Re7 Bd4 25.
Nf3 Bg7 26. Rxa7 Ne4 27. Bf4 h6 28. Be5 Bxe5 29. Nxe5 Rf2+ 30. Kg1 Rc2 31. a4 Ng5 32. a5 Re2 33. Nxc6 Nf3+ 34. Kf1 Rd2 35. Ne7+ Kf7 36. Nd5+ Ke6 37. Re7+ Kf5 38. Rf7+ Kg4 39. Rf4+ Kh3 40. Rxf3 Rxh2 41. Rf2 Rh1+ 42. Ke2 Ra1 43. Rf6 Kxg3 44. Rxg6+ Kh4 45. a6 Ra2+ 46. Kd3 h5 47. c5 Rg2 48.
Rxg2 1-0

[Event "*** Titled Tuesday Blitz"]
[Site "Chess.com"]
[Date "2020.04.28"]
[Round "6"]
[White "Mikromurks"]
[Black "ALEXJR20"]
[Result "0-1"]
[WhiteElo "2328"]
[BlackElo "2207"]
[TimeControl "180+1"]
[EndTime "11:07:32 PDT"]
[Termination "ALEXJR20 won by resignation"]

1. d4 d5 2. Nf3 c6 3. Bf4 Nf6 4. e3 Bf5 5. c4 e6 6. Nc3 Bb4 7. Bd3 Bxd3 8. Qxd3 Qa5 9. O-O Bxc3 10. bxc3 Ne4 11.
cxd5 exd5 12. Rfc1 O-O 13. c4 Nd7 14. cxd5 Qxd5 15.
Rab1 Nb6 16. Rc2 Rfe8 17. h3 h6 18. Nd2 g5 19. Bh2 f5 20. Nxe4 fxe4 21. Qe2 Re7 22. Rc5 Qf7 23. Qc2 Rf8 24. a4 Nd5 25. Be5 Qf5 26. Bd6 Rff7 27. Bxe7 Rxe7 28. a5 a6 29. Qe2 Rf7 30. Rc2 Kg7 31. Qg4 Qg6 32. Rcb2 h5 33. Qg3 Nc3 34. Rc1 Nd5 35. Rb3 Kh6 36. Rcb1 h4 37. Qg4 Qf6 38. Qe2 Qg7 39. Qc2 Nf6 40. Rc3 Kh5 41. Rc5 Kh6 42. Re5 g4 43. hxg4 Qxg4 44. Qd1 Qg6 45. Kh1 Rg7 46. Qf1 Ng4 47.
Rc5 Nf6 48. Re5 Nh5 49. Rc1 Ng3+ 50. fxg3 hxg3 51. Qf4+ Kh7 52. Qh4+ Kg8 53. Re8+ Qxe8 54. Qg4 Rxg4 0-1

[Event "*** Titled Tuesday Blitz"]
[Site "Chess.com"]
[Date "2020.04.28"]
[Round "6"]
[White "Misticpikachu"]
[Black "Klavdia_Nik"]
[Result "1-0"]
[WhiteElo "2301"]
[BlackElo "2034"]
[TimeControl "180+1"]
[EndTime "11:07:33 PDT"]
[Termination "Misticpikachu won on time"]

1. c4 Nf6 2. Nc3 g6 3. e4 d6 4.
d4 Bg7 5. h3 O-O 6. Be3 Nbd7 7.
g4 c5 8. d5 b5 9. cxb5 a6 10.
bxa6 Bxa6 11. Bxa6 Rxa6 12. Qe2 Qa5 13. Bd2 Rb8 14. Rb1 Raa8 15. Nf3 Ne8 16. O-O Nc7 17. Bf4 Bxc3 18. bxc3 Qxc3 19. Rxb8+ Rxb8 20. e5 Nxd5 21. Bg3 Rb2 22. Qe4 e6 23. exd6 Rb4 24. Qe2 Rb2 25.
Qd1 Rxa2 26. Re1 h6 27. Ne5 Ra7 28. Nxd7 Rxd7 29. Qa4 Ra7 30. Qxa7 Qxe1+ 31. Kh2 Ne3 32.
Qb8+ Kh7 33. d7 Nf1+ 34. Kg2 Nxg3 35. Qxg3 Qd1 36. Qc7 Qd5+ 37. Kh2 Qf3 38. Qxc5 Qd1 39. Qa7 Qf3 40. d8=Q Qf4+ 41. Kg2 Qe4+ 42. Kf1 Qb1+ 43. Ke2 Qe4+ 44. Kd2 1-0

[Event "*** Titled Tuesday Blitz"]
[Site "Chess.com"]
[Date "2020.04.28"]
[Round "6"]
[White "Zkid"]
[Black "David_Paravyan"]
[Result "1-0"]
[WhiteElo "2821"]
[BlackElo "2954"]
[TimeControl "180+1"]
[EndTime "11:07:34 PDT"]
[Termination "Zkid won by resignation"]

1. e4 c5 2. Nf3 Nc6 3. Bb5 g6 4.
Bxc6 bxc6 5. O-O Bg7 6. Re1 Qc7 7. c3 d6 8. d4 cxd4 9. cxd4 Nf6 10. Nc3 O-O 11.
h3 c5 12. e5 dxe5 13. dxe5 Rd8 14. Qc2 Bf5 15. Qa4 Nd5 16. Nxd5 Rxd5 17. Bf4 Qb7 18. Qb3 Qc6 19. Rac1 a5 20. Rc3 a4 21. Qa3 Bf8 22.
Rec1 e6 23. Rc4 Bd3 24. Nd4 Rxd4 25. Rxd4 cxd4 26. Qxf8+ Kxf8 27. Rxc6 Be4 28. Rc4 Bd5 29. Rxd4 Bxa2 30. Bh6+ Ke8 31. Rd6 Bd5 32. Bg5 h5 33.
Bf6 Bc4 34. f3 Bb5 35. Kf2 Bd7 36. g4 Rb8 37. Rd2 Rb5 38. Kg3 Rd5 39. Rc2 Rd3 40. Kf4 Rb3 41. h4 Rb4+ 42. Kg5 Rb3 43. gxh5 gxh5 44. Kxh5 Bb5 45. Kg4 Bd3 46. Rd2 Kd7 47.
h5 Kc6 48. Rxd3 Rxd3 49. h6 Rd1 50. h7 Rg1+ 51. Kh5 Rh1+ 52. Bh4 1-0

[Event "*** Titled Tuesday Blitz"]
[Site "Chess.com"]
[Date "2020.04.28"]
[Round "6"]
[White "Hanging_pointer"]
[Black "Dynamikus"]
[Result "1-0"]
[WhiteElo "2608"]
[BlackElo "2752"]
[TimeControl "180+1"]
[EndTime "11:07:34 PDT"]
[Termination "Hanging_pointer won by resignation"]

1. d4 d5 2. c4 c6 3. cxd5 cxd5 4. Nc3 Nf6 5. Bf4 Nc6 6. e3 a6 7. Bd3 Bg4 8. f3 Bd7 9. Nge2 e6 10. O-O Be7 11. h3 O-O 12. Rc1 Be8 13. a3 Nd7 14. Bg3 Rc8 15. b4 Nb6 16. Qd2 Na7 17. e4 Nb5 18. Nxb5 Bxb5 19. Bxb5 axb5 20. Rxc8 Qxc8 21. Rc1 Nc4 22. Qd3 Qd7 23. Rc3 Ra8 24. Bf2 h6 25. g4 Qc6 26. Kg2 Rd8 27. e5 Ra8 28. f4 f6 29. Qg6 Rf8 30. Rf3 Qe8 31. Qxe8 Rxe8 32.
Nc3 fxe5 33. fxe5 Nxa3 34. Nxd5 exd5 35. Rxa3 b6 36. Ra6 Rb8 37. Be1 Kf7 38. Kf3 Ke6 39. Ke2 Bd8 40. Ra7 Be7 41. Kd3 Rf8 42. Rb7 Bd8 43.
Rxg7 Rf3+ 44. Ke2 Rxh3 45. Rg6+ Kf7 46. Rd6 Be7 47. Rxd5 Ke6 48. Rxb5 Bg5 49. Bf2 Rh2 50. Kf3 Rh3+ 51. Ke4 Rh2 52. d5+ Kd7 53. Bxb6 Rf2 54. e6+ Kd6 55. Bxf2 1-0

[Event "*** Titled Tuesday Blitz"]
[Site "Chess.com"]
[Date "2020.04.28"]
[Round "6"]
[White "aspired"]
[Black "PowerThinking2650"]
[Result "1-0"]
[WhiteElo "2742"]
[BlackElo "2272"]
[TimeControl "180+1"]
[EndTime "11:07:35 PDT"]
[Termination "aspired won on time"]

1. e4 e5 2. Nf3 Nc6 3. Bb5 a6 4.
Bxc6 dxc6 5. Nc3 f6 6. d4 exd4 7. Qxd4 Qxd4 8. Nxd4 Bd7 9. Bf4 O-O-O 10. O-O-O Ne7 11.
h4 g6 12. f3 Bg7 13. Nb3 b6 14. Ne2 c5 15. Nc3 Be6 16. Rxd8+ Rxd8 17. Rd1 Rxd1+ 18. Kxd1 h6 19. Bd2 f5 20. Nc1 Nc6 21. b3 Ne5 22.
exf5 Bxf5 23. Nd5 Kd7 24. Ne2 c4 25. Nd4 cxb3 26. axb3 Nf7 27. Nxf5 gxf5 28. Ke2 a5 29.
Bf4 Ne5 30. Ne3 Ke6 31. g4 fxg4 32. fxg4 b5 33. Nf5 Bf8 34. Nd4+ Kd5 35. Bxe5 Kxe5 36. Nxb5 c6 37. Nc3 Kf4 38. g5 hxg5 39. hxg5 Kxg5 40.
Kd3 Kf5 41. Kc4 Ke6 42. Ne4 Kd7 43. Nc5+ Bxc5 44. Kxc5 Kc7 45. c3 Kb7 46. Kd6 Kb6 47. c4 c5 48. Kd5 1-0

[Event "*** Titled Tuesday Blitz"]
[Site "Chess.com"]
[Date "2020.04.28"]
[Round "6"]
[White "CarlosRBorn"]
[Black "dukicz123"]
[Result "0-1"]
[WhiteElo "2670"]
[BlackElo "2505"]
[TimeControl "180+1"]
[EndTime "11:07:35 PDT"]
[Termination "dukicz123 won by resignation"]

1. Nf3 Nf6 2. g3 g6 3. Bg2 Bg7 4. O-O O-O 5. c4 d6 6. Nc3 Nc6 7. Rb1 a5 8. a3 e5 9. d3 Nd4 10. e3 Ne6 11. b4 axb4 12. axb4 c6 13. b5 Nc7 14. bxc6 bxc6 15. Nd2 d5 16. Na4 Bf5 17. e4 Bg4 18. f3 Be6 19. Nb6 Rb8 20. Ba3 dxe4 21.
Nxe4 Rxb6 22. Rxb6 Qd4+ 23. Kh1 Qxb6 24. Bxf8 Kxf8 25. Qa1 Nxe4 26. fxe4 Qc5 27. Qb2 Bh6 28.
Qb8+ Ne8 29. h4 Qd6 30. Qb3 Kg7 31. Kh2 Nf6 32. Bf3 Bg4 33. Kg2 Bxf3+ 34. Rxf3 Nd7 35. c5 Qe7 36. Qb7 Qe6 37. Qa7 Bd2 38. h5 Bc3 39.
hxg6 hxg6 40. Rf1 Bd4 41. Qa8 Bxc5 42. Rh1 Bf8 43. Rc1 c5 44. Qc8 Qd6 45. Rf1 Qxd3 46. Qd8 Qxe4+ 47. Kh2 Qe2+ 48. Kg1 Qe3+ 49. Kg2 Qe4+ 50.
Kg1 Qd5 51. Qe8 Qe6 52. Qc8 e4 53. Re1 c4 54. Qa8 Bc5+ 55. Kg2 e3 56. Qf3 Ne5 57.
Re2 Nxf3 0-1

[Event "*** Titled Tuesday Blitz"]
[Site "Chess.com"]
[Date "2020.04.28"]
[Round "6"]
[White "ElGasanov"]
[Black "Duhless"]
[Result "1/2-1/2"]
[WhiteElo "2736"]
[BlackElo "3087"]
[TimeControl "180+1"]
[EndTime "11:07:36 PDT"]
[Termination "Game drawn by repetition"]

1. Nf3 d5 2. d4 Nf6 3. c4 e6 4. e3 Nbd7 5. b3 Bb4+ 6. Nbd2 O-O 7. Bb2 b6 8. Bd3 Bb7 9. O-O Re8 10. Qc2 Bd6 11. e4 dxe4 12. Nxe4 Bxe4 13. Bxe4 Nxe4 14.
Qxe4 Nf6 15. Qc2 a5 16. Rad1 a4 17. Rfe1 axb3 18. axb3 Bb4 19. Bc3 Bxc3 20. Qxc3 Ra2 21. Rd2 Ra3 22. Rde2 Qa8 23. h3 h6 24. d5 exd5 25. Rxe8+ Nxe8 26. cxd5 Ra5 27. Qe5 Nd6 28. Qe7 Qc8 29. Rc1 Rc5 30. Rxc5 bxc5 31. Ne5 Qf5 32. Nd7 h5 33. Qd8+ Kh7 34. Qxc7 Qxd5 35. Qxc5 Qd1+ 36. Kh2 h4 37. Qe5 Kg8 38. Nc5 g6 39. Nd7 Nf5 40. Nf6+ Kf8 41. b4 Qd2 42. Nh7+ Kg8 43.
Nf6+ Kf8 44. Nh7+ Kg8 45. Nf6+ Kf8 1/2-1/2

[Event "*** Titled Tuesday Blitz"]
[Site "Chess.com"]
[Date "2020.04.28"]
[Round "6"]
[White "swimmerchess"]
[Black "GMStefanova"]
[Result "1/2-1/2"]
[WhiteElo "2849"]
[BlackElo "2701"]
[TimeControl "180+1"]
[EndTime "11:07:36 PDT"]
[Termination "Game drawn - insufficient material"]

1. e4 e5 2. Nf3 Nc6 3. Bb5 a6 4. Ba4 g6 5. c3 Bg7 6. d4 exd4 7. cxd4 b5 8. Bb3 Nge7 9. d5 Na5 10. Bd2 Nxb3 11. Qxb3 O-O 12. Bc3 d6 13. Bxg7 Kxg7 14.
O-O f6 15. Nc3 Bd7 16. Rad1 g5 17. Rfe1 Ng6 18. Ne2 h5 19. Rc1 h4 20. Qc3 Rc8 21.
Nxg5 Ne5 22. f4 fxg5 23. fxe5 dxe5 24. Qxe5+ Qf6 25. Qxf6+ Kxf6 26. Nd4 Ke5 27. Nc6+ Bxc6 28. Rxc6 Rf4 29. d6 Rf6 30. d7 Rd8 31. Rxc7 Rd6 32. Rc5+ Kd4 33. Rxg5 R6xd7 34. e5 Kd3 35. e6 Kd2 36.
exd7 Kxe1 37. Rd5 Ke2 38. Re5+ Kd3 39. Re7 Kc2 40. b4 Kb2 41. g3 hxg3 42. h4 Kxa2 43. h5 a5 44. bxa5 b4 45. a6 b3 46.
a7 b2 47. Re1 b1=Q 48. Rxb1 Kxb1 49. Kg2 Kc2 50. Kxg3 Kd3 51. Kf4 Kd4 52. h6 Kd5 53. Kf5 Kd6 54. h7 Kxd7 55. Kg6 Kc7 56. Kg7 Kb7 57.
h8=Q Rxh8 58. Kxh8 Kxa7 1/2-1/2

[Event "*** Titled Tuesday Blitz"]
[Site "Chess.com"]
[Date "2020.04.28"]
[Round "6"]
[White "GM_LOADING"]
[Black "Orest_Vovk"]
[Result "1-0"]
[WhiteElo "2607"]
[BlackElo "2419"]
[TimeControl "180+1"]
[EndTime "11:07:36 PDT"]
[Termination "GM_LOADING won on time"]

1. e4 Nc6 2. Nf3 d5 3. exd5 Qxd5 4. Nc3 Qa5 5. Bc4 Bg4 6. h3 Qh5 7. d3 Nd4 8. Bd5 c6 9. O-O Nxf3+ 10. Bxf3 Bxf3 11.
Qxf3 Qxf3 12. gxf3 O-O-O 13. Be3 b6 14. a4 e6 15. a5 Kb7 16. axb6 axb6 17. Ra2 Bd6 18. Rfa1 Bb8 19. Ra6 b5 20. Rb6+ Kc7 21. Raa6 Kd7 22. Rxc6 b4 23. Ne4 Nf6 24. Bg5 Ke7 25. Rcb6 Rd7 26.
Rxb4 h6 27. Nxf6 gxf6 28. Be3 Bd6 29. Rbb6 Rc8 30. c4 Be5 31. c5 Rxd3 32. c6 Rc7 33. b4 f5 34. b5 Rc3 35. Rb7 f4 36.
Rxc7+ Bxc7 37. Bb6 Bd6 38. Ba5 Rc1+ 39. Kg2 e5 40.
Ra7+ Ke6 41. c7 Kd7 42. b6 Rb1 43. Ra8 Rc1 44. b7 Bxc7 45. Bxc7 1-0

[Event "*** Titled Tuesday Blitz"]
[Site "Chess.com"]
[Date "2020.04.28"]
[Round "6"]
[White "ChrisTool2"]
[Black "bmt011"]
[Result "0-1"]
[WhiteElo "2366"]
[BlackElo "2060"]
[TimeControl "180+1"]
[EndTime "11:07:36 PDT"]
[Termination "bmt011 won on time"]

1. d4 Nf6 2. c4 e6 3. Nf3 Bb4+ 4. Nbd2 O-O 5. Qc2 b6 6. e4 Bb7 7. e5 Ne4 8. Bd3 f5 9. exf6 Nxf6 10. O-O Qe8 11.
Ne4 Qh5 12. Ng3 Qe8 13. Ng5 h6 14. Bg6 Qe7 15. N5e4 Nc6 16. Be3 Bd6 17. Rfe1 Ng4 18. Rad1 Nxe3 19. fxe3 Bxg3 20. Nxg3 Nb4 21. Qb1 Qf6 22.
Rf1 Qg5 23. Bh7+ Kh8 24. Rde1 d5 25. cxd5 Bxd5 26. Be4 Bc4 27. Rxf8+ Rxf8 28. b3 Bd5 29. Bxd5 Nxd5 30. Ne4 Qf5 31. Qd3 Nb4 32. Qb1 Nxa2 33.
Ng3 Qxb1 34. Rxb1 Nc3 35. Rc1 Nd5 36. Rc6 Rc8 37. e4 Nb4 38. Rxe6 a5 39. Re7 b5 40. Nf5 a4 41. bxa4 bxa4 42. Nxg7 a3 43. Nh5 a2 44. Nf6 a1=Q+ 45. Kf2 Qxd4+ 46. Kf3 Qxf6+ 47. Ke3 Qxe7 0-1

[Event "*** Titled Tuesday Blitz"]
[Site "Chess.com"]
[Date "2020.04.28"]
[Round "6"]
[White "InitiatingASC"]
[Black "Pavalamalli"]
[Result "0-1"]
[WhiteElo "2399"]
[BlackElo "2251"]
[TimeControl "180+1"]
[EndTime "11:07:36 PDT"]
[Termination "Pavalamalli won by resignation"]

1. d4 Nf6 2. c4 e6 3. Nc3 Bb4 4. e3 O-O 5. Bd3 d5 6. Ne2 Re8 7. O-O b6 8. cxd5 exd5 9. a3 Bf8 10. b4 c5 11. bxc5 bxc5 12. dxc5 Bxc5 13. Bb2 Ba6 14. Nb5 Nbd7 15. Nbd4 Bxd3 16. Qxd3 Ne5 17. Qf5 Rb8 18. Bc3 Qd7 19. Rfd1 Qxf5 20. Nxf5 Rb3 21. Nfd4 Rxa3 22. Rxa3 Bxa3 23. Nb5 Bc5 24. Nc7 Re7 25. Nxd5 Nxd5 26.
Rxd5 Nd7 27. Nd4 Bxd4 28. Bxd4 a6 29. Bc5 Nf6 30. Rd6 Rd7 31. Rxd7 Nxd7 32. Ba3 f5 33. e4 fxe4 34. Kf1 Kf7 35. Ke2 Ke6 36. Ke3 Kd5 37. h4 Ne5 38. Bf8 g6 39. f3 exf3 40. gxf3 a5 41. Kf4 a4 42. Bg7 Nc4 43. Kg5 a3 44. Kh6 a2 45. Ba1 Ne5 46. f4 Nf3 47. h5 gxh5 48. Kxh5 Ke4 49. Kh6 Kxf4 50. Kxh7 Ke4 51.
Kg6 Kd3 52. Kf5 Kc2 53. Ke4 Nd2+ 54. Ke3 Nc4+ 55. Kd4 Nb2 56. Ke3 Kb1 0-1